 Dungeon Crawl Stone Soup version 0.31-a0-810-ga77100ea1a (webtiles) character file.

Game seed: 14817479763101106580

4047698 GloriousHammer the Wrestler (level 27, 362/362 HPs)
             Began as a Troll Shapeshifter on Sept 15, 2023.
             Was the Champion of Wu Jian.
             Escaped with the Orb
             ... and 5 runes on Sept 21, 2023!
             The game lasted 02:55:27 (50114 turns).

GloriousHammer the Wrestler (Troll Shapeshifter)   Turns: 50114, Time: 02:55:27

Health: 362/362    AC: 38    Str: 41    XL:     27
Magic:  26/26      EV: 18    Int: 13    God:    Wu Jian [******]
Gold:   4888       SH: 31    Dex:  9    Spells: 8/32 levels left

rFire   + .          .
                       - Unarmed
rCold   + + .        P - +8 tower shield {rC+}
rNeg    + . .        (body armour currently unavailable)
rPois   ∞            S - +2 hat
rElec   +            A - +2 cloak {Stlth+}
rCorr   .            (gloves unavailable)
SInv    .            (boots unavailable)
Will    ++++.        I - amulet of reflection
Stlth   +            f - ring of Darkness {rF+ Will+ Str+4}
HPRegen 1.60/turn    T - ring "Emaisa Ytitz" {rC+ Will+ EV+5}
MPRegen 0.20/turn

%: reflection
@: statue-form, studying 3 skills, very slow
A: slow and powerful, torment resistance 1, boosted hp, large, unfitting armour,
claws 3, regeneration 1, (shaggy fur 1), (tough skin 1), talons 1, camouflage 1,
clever 1, strong 1
0: Orb of Zot
}: 5/15 runes: decaying, slimy, silver, abyssal, gossamer
a: Begin Untransformation, Renounce Religion, Wall Jump, Serpent's Lash,
Heavenly Storm


You escaped.
You worshipped Wu Jian.
Wu Jian was exalted by your worship.
You were a living statue of rough stone.
You visited 11 branches of the dungeon, and saw 53 of its levels.
You visited the Abyss 2 times.
You also visited: Trove, Bailey and Ice Cave.

You collected 9040 gold pieces.
You spent 4152 gold pieces at shops.

Inventory:

Missiles
 e - 6 javelins
 D - 78 large rocks (quivered)
 E - a throwing net
Armour
 A - a +2 cloak of stealth (worn)
 P - a +8 tower shield of cold resistance (worn)
 S - a +2 hat (worn)
Jewellery
 f - the ring of Darkness (left claw) {rF+ Will+ Str+4}
   (You found it on level 5 of the Pits of Slime)

   [ring of protection from fire]

   Str+4:     It affects your strength (+4).
   rF+:       It protects you from fire.
   Will+:     It increases your willpower.
 k - the ring "Osaisir" {rElec rPois rN+ Stlth-}
   (You found it in a treasure trove)

   [ring of positive energy]

   rElec:     It insulates you from electricity.
   rPois:     It protects you from poison rN+: It protects you from negative
   energy.
   Stlth-:    It makes you less stealthy.
 l - the ring of Fulabrod {rPois rC+ AC+4}
   (You found it on level 3 of the Swamp)

   [ring of protection]

   AC+4:      It affects your AC (+4).
   rC+:       It protects you from cold.
   rPois:     It protects you from poison
 n - a ring of positive energy
 C - the ring "Wuschysch" {rF+ rCorr Str+4 Dex-3 SInv}
   (You found it in a treasure trove)

   [ring of resist corrosion]

   Str+4:     It affects your strength (+4).
   Dex-3:     It affects your dexterity (-3).
   rF+:       It protects you from fire.
   SInv:      It lets you see invisible.
   rCorr:     It protects you from acid and corrosion.
 F - the ring of Kuizaq {Ice Will+++ Int+2}
   (You found it in a treasure trove)

   [ring of ice]

   Ice:       It enhances your ice magic.
   Int+2:     It affects your intelligence (+2).
   rF-:       It makes you vulnerable to fire.
   rC+:       It protects you from cold.
   Will+++:   It greatly increases your willpower.
 I - an amulet of reflection (around neck)
 L - a ring of flight
 O - the ring "Zanuh" {rPois rC+ Will+ Str+4 Slay-2}
   (You took it off a meliai on level 3 of the Spider Nest)

   [ring of protection from cold]

   Str+4:     It affects your strength (+4).
   Slay-2:    It affects your accuracy & damage with ranged weapons and melee
   (-2).
   rC+:       It protects you from cold.
   rPois:     It protects you from poison Will+: It increases your willpower.
 R - a ring of resist corrosion
 T - the ring "Emaisa Ytitz" (right claw) {rC+ Will+ EV+5}
   (You acquired it on level 1 of the Spider Nest)

   [ring of evasion]

   EV+5:      It affects your evasion (+5).
   rC+:       It protects you from cold.
   Will+:     It increases your willpower.
 Y - a +4 ring of slaying
 Z - the ring "Otelitui" {Wiz Drain rF++}
   (You found it in a treasure trove)

   [ring of wizardry]

   Wiz:       It improves your spell success rate.
   rF++:      It greatly protects you from fire.
   Drain:     It drains your maximum health when unequipped.
Talismans
 N - a granite talisman (active)
Wands
 h - a wand of roots (41)
 y - a wand of mindburst (74)
 J - a wand of digging (34)
 K - a wand of polymorph (15)
 Q - a wand of charming (38)
 V - a wand of quicksilver (34)
Scrolls
 c - 3 scrolls of revelation
 g - 8 scrolls of immolation
 j - 29 scrolls of teleportation
 p - 8 scrolls of silence
 r - 2 scrolls of fear
 s - 5 scrolls of blinking
 H - 8 scrolls of fog
 W - 4 scrolls of torment
Potions
 a - 5 potions of might
 b - 9 potions of lignification
 m - 4 potions of cancellation
 o - 5 potions of heal wounds
 q - 20 potions of curing
 t - 10 potions of enlightenment
 u - 4 potions of invisibility
 w - 5 potions of haste
 x - 7 potions of magic
 z - 5 potions of berserk rage
 B - 13 potions of ambrosia
 G - 8 potions of mutation
 M - 9 potions of attraction
 U - 6 potions of resistance
Miscellaneous
 d - a phial of floods
 i - a sack of spiders (inert)
 v - a tin of tremorstones (2/2)


   Skills:
 + Level 17.6 Fighting
 + Level 10.8 Throwing
 + Level 15.3 Dodging
 - Level 16.4 Shields
 + Level 24.9 Unarmed Combat
 - Level 3.0 Spellcasting
 + Level 10.8 Translocations
 - Level 8.0 Transmutations
 + Level 7.6 Air Magic
 - Level 2.0 Earth Magic
 - Level 10.1 Evocations
 + Level 21.5 Shapeshifting


You had 8 spell levels left.
You knew the following spells:

 Your Spells              Type           Power      Damage    Failure   Level
a - Lesser Beckoning      Tloc           60%        N/A       1%          2
b - Blink                 Tloc           60%        N/A       1%          2
c - Wereblood             Tmut           22%        N/A       1%          2
d - Vhi's Electric Charg  Tloc/Air       50%        N/A       9%          4
e - Passwall              Tmut/Erth      11%        N/A       7%          2
f - Passage of Golubria   Tloc           30%        N/A       4%          4
g - Apportation           Tloc           60%        N/A       1%          1
h - Swiftness             Air            21%        N/A       4%          3
i - Manifold Assault      Tloc           30%        N/A       4%          4

Your spell library contained the following spells:

 Spells                   Type           Power      Damage    Failure   Level
 Gell's Gravitas          Tloc           30%        N/A       1%          3
 Teleport Other           Tloc           30%        N/A       1%          3
 Momentum Strike          Conj/Tloc      32%        3d8       6%          2
 Shock                    Conj/Air       44%        1d5       8%          1
 Poisonous Vapours        Pois/Air       22%        N/A       12%         2
 Static Discharge         Conj/Air       22%        2-3/arc   12%         2
 Volatile Blastmotes      Fire/Tloc      32%        2d12      12%         3
 Airstrike                Air            10%        2d(2-18)  16%         4
 Cigotuvi's Dreadful Rot  Necr/Pois/Air  16%        N/A       21%         2
 Foxfire                  Conj/Fire      4%         2x1d4     36%         1
 Freeze                   Ice            4%         1d3       36%         1
 Magic Dart               Conj           4%         1d3       36%         1
 Slow                     Hex            4%         N/A       36%         1
 Ignite Poison            Fire/Tmut/Pois 8%         N/A       36%         3
 Mephitic Cloud           Conj/Pois/Air  8%         N/A       36%         3
 Ensorcelled Hibernation  Hex/Ice        2%         N/A       50%         2
 Jinxbite                 Hex            2%         N/A       50%         2
 Scorch                   Fire           2%         2d5       50%         2
 Searing Ray              Conj           2%         2d4       50%         2
 Dispersal                Tloc           15%        N/A       56%         6
 Summon Lightning Spire   Summ/Air       11%        N/A       61%         4
 Confusing Touch          Hex            1%         N/A       73%         3
 Dazzling Flash           Conj/Hex       2%         N/A       73%         3
 Frozen Ramparts          Ice            2%         1d1       73%         3
 Hailstorm                Conj/Ice       1%         3d3       73%         3
 Inner Flame              Hex/Fire       1%         N/A       73%         3
 Ozocubu's Armour         Ice            1%         N/A       73%         3
 Sigil of Binding         Hex            1%         N/A       73%         3
 Vampiric Draining        Necr           1%         2d6       73%         3
 Alistair's Intoxication  Tmut/Pois      8%         N/A       89%         5
 Irradiate                Conj/Tmut      6%         3d13      89%         5
 Yara's Violent Unravell  Hex/Tmut       6%         3d5       89%         5
 Arcjolt                  Conj/Air       5%         1d15      91%         5
 Silence                  Hex/Air        5%         N/A       91%         5
 Animate Armour           Summ/Erth      8%         N/A       94%         4
 Brom's Barrelling Bould  Conj/Erth      4%         2d3       94%         4
 Anguish                  Hex/Necr       0%         N/A       98%         4
 Animate Dead             Necr           1%         N/A       98%         4
 Cause Fear               Hex            0%         N/A       98%         4
 Flame Wave               Conj/Fire      1%         2d4       98%         4
 Fulminant Prism          Conj/Hex       0%         3d5       98%         4
 Summon Ice Beast         Ice/Summ       1%         N/A       98%         4
 Freezing Cloud           Conj/Ice/Air   4%         6-21      98%         5
 Fireball                 Conj/Fire      0%         3d3       100%        5
 Iskenderun's Battlesphe  Conj           1%         2d6       100%        5
 Conjure Ball Lightning   Conj/Air       5%         3x3d6     100%        6
 Leda's Unmaking          Conj/Erth      2%         9d1       100%        6
 Plasma Beam              Fire/Air       5%         2x1d16    100%        6
 Simulacrum               Ice/Necr       0%         N/A       100%        6
 Starburst                Conj/Fire      0%         6d3       100%        6
 Summon Cactus Giant      Summ           0%         N/A       100%        6
 Enfeeble                 Hex            0%         N/A       100%        7
 Haunt                    Necr/Summ      0%         N/A       100%        7
 Orb of Destruction       Conj           0%         9d5       100%        7
 Ozocubu's Refrigeration  Ice            0%         4d7       100%        7
 Spellforged Servitor     Conj/Summ      0%         N/A       100%        7
 Disjunction              Tloc           15%        N/A       100%        8
 Infestation              Necr           0%         N/A       100%        8
 Lehudib's Crystal Spear  Conj/Erth      2%         10d2      100%        8
 Maxwell's Capacitive Co  Air            10%        ∞         100%        8
 Summon Horrible Things   Summ           0%         N/A       100%        8
 Dragon's Call            Summ           0%         N/A       100%        9
 Fire Storm               Conj/Fire      0%         6d1       100%        9
 Polar Vortex             Ice            0%         N/A       100%        9


Dungeon Overview and Level Annotations

Branches:
Dungeon (15/15)            Temple (1/1) D:6            Lair (5/5) D:8
  Swamp (4/4) Lair:3       Spider (4/4) Lair:2        Slime (5/5) Lair:5
    Orc (2/2) D:12            Elf (3/3) Orc:2        Vaults (5/5) D:13
  Crypt (0/3) Vaults:2     Depths (4/4) D:15            Zot (5/5) Depths:4
 Bailey (visited)           IceCv (visited)

Altars:
Ashenzari
Cheibriados
Dithmenos
Elyvilon
Fedhas
Gozag
Hepliaklqana
Kikubaaqudgha
Makhleb
Nemelex Xobeh
Okawaru
Qazlal
Ru
Sif Muna
Trog
Uskayaw
Vehumet
Wu Jian
Xom
Yredelemnul
Zin
The Shining One
Jiyva

Shops:
D:9 [   D:10 =   D:15 =   Orc:2 **[:(:   Elf:2 [*(   Vaults:3 *[(   Vaults:5 !
Depths:3 (

Portals:
Hell: Depths:1 Depths:2 Depths:3 Depths:4
Abyss: Depths:1 Depths:2 Depths:3 Depths:4
Pandemonium: Depths:2 Depths:3 Depths:4
Ziggurat: Depths:3

Annotations:
D:11 exclusion: downstairs
Zot:1 exclusion: orb of fire


Innate Abilities, Weirdness & Mutations

You are a living statue of rough stone.
Your actions are slow, but your melee attacks are powerful.
You are resistant to unholy torment.
Your maximum health is greatly increased.
Your equipment is partially melded.
You are too large for most types of armour.
You are immune to poison.
You have claws for hands.
Your natural rate of healing is unusually fast.
((You are covered in fur. (AC +1)))
((You have tough skin. (AC +1)))
You have sharp toenails.
Your skin changes colour to match your surroundings (Stealth+).
Your mind is acute. (Int +4, Str/Dex -1)
Your muscles are strong. (Str +4, Int/Dex -1)


Message History

You barely miss the red devil. You claw the red devil.
The red devil is moderately wounded.
You block the red devil's attack.
You closely miss the red devil.
You claw the red devil, but do no damage.
The red devil is moderately wounded.
The red devil hits you but does no damage.
You eviscerate the red devil!!!!
You kill the red devil!
The Council accepts your kill.
You see here a +0 trident.
There is a stone staircase leading up here.
You climb upwards.
There is a stone staircase leading down here.
An Executioner and a large abomination come into view.
A large abomination comes into view.
Your muscles tense, ready for explosive movement...
You lunge with incredible momentum at the large abomination.
You scratch the large abomination but do no damage.
You claw the large abomination, but do no damage.
You spin and attack the Executioner, with incredible momentum.
You eviscerate the Executioner!!!!
You kill the Executioner!
The Council accepts your kill.
Your supernatural speed expires.
You block the large abomination's attack.
You spin and attack the large abomination repeatedly.
You eviscerate the large abomination!!!
You destroy the large abomination!
The Council accepts your kill.
You eviscerate the large abomination!!!!
You destroy the large abomination!
The Council accepts your kill.
You feel less exhausted.
HP restored. 2 hellwings come into view.
The hellwing gives a chilling moan.
You lunge at the hellwing, in a flurry of attacks.
You claw the hellwing! x2
The hellwing is severely wounded.
You eviscerate the hellwing!!!
You kill the hellwing!
The Council accepts your kill.
You lunge at the hellwing, in a flurry of attacks.
You eviscerate the hellwing!!!!!
You kill the hellwing!
The Council accepts your kill.
There is an escape hatch in the floor here.
A shadow demon comes into view.
You claw the shadow demon! x2
The shadow demon is heavily wounded.
The shadow demon gestures.
You barely miss the shadow demon. You claw the shadow demon.
The shadow demon is heavily wounded.
You block the shadow demon's attack.
You closely miss the shadow demon. You claw the shadow demon!
The shadow demon is severely wounded.
You block the ball python's attack.
The shadow demon gestures.
You eviscerate the shadow demon!!!!
You kill the shadow demon!
The Council accepts your kill.
The rat dissolves into shadows!
The ball python dissolves into shadows!
The kobold dissolves into shadows!
The hobgoblin dissolves into shadows!
The rat dissolves into shadows!
The frilled lizard dissolves into shadows!
Aiming: Dig
Press: ? - help, Shift-Dir - straight line A rock wall.
This square is covered in magical glow.
The rock shatters into small pieces.
Deactivating autopickup; reactivate with Ctrl-A.
You closely miss something. You claw something.
Something hits you but does no damage. You block something's attack.
Something closely misses you. Something hits you but does no damage.
You mangle something!! Your kick misses something. Something hits you!
You feel your power leaking away.
You miss something. You claw something! Something hits you but does no damage.
You scratch something but do no damage. You claw something!
Something hits you but does no damage.
You mangle something!! The Council accepts your kill.
Reactivating autopickup.
You feel a bit more experienced.
Unknown command.
A Tzitzimitl comes into view.
You barely miss the Tzitzimitl. Your kick misses the Tzitzimitl.
You eviscerate the Tzitzimitl!!!!
You kill the Tzitzimitl!
The Council accepts your kill.
There is a staircase leading out of the dungeon here.
As you read the scroll of summoning, it crumbles to dust.
Wisps of shadow whirl around you...
As you read the scroll of summoning, it crumbles to dust.
Wisps of shadow whirl around you...
Okay, then.
You have escaped!

### ..## ##### #####
...####.#.## ##.g.##
###..##....###.Jg..#
# ###...#......b8.)#
# #.######..#.gK## #
### ######## ##
.####### ..#....##
.....#..# #####
#...###.####...##
#..##.#..##..⌠..#


You could see a friendly endoplasm (summoned), 2 friendly hobgoblins, a friendly
goblin (summoned), a friendly bat (summoned) and a friendly kobold (summoned).

Vanquished Creatures
  the Royal Jelly (Slime:5)
  2 dread liches
  An ancient lich (Vaults:5)
  Mara (Vaults:5)
  8 orbs of fire (Zot:5)
  3 Killer Klowns (Zot:5)
  Bai Suzhen (Elf:3)
  Saint Roka (Vaults:5)
  2 curse toes
  A caustic shrike (Depths:3)
  13 golden dragons
  A bone dragon (Zot:4)
  A profane servitor (Abyss:3)
  7 electric golems
  A Tzitzimitl (D:1)
  5 liches
  10 tentacled monstrosities
  A Hell Sentinel (D:12)
  2 Ice Fiends
  3 pandemonium lords
  Asterion (Elf:3)
  30 Orb Guardians
  2 deep elf master archers (Elf:3)
  5 titans (Vaults:5)
  2 deep elf blademasters
  12 quicksilver dragons
  16 acid blobs
  A sphinx (Vaults:3)
  An Executioner (D:1)
  8 death cobs
  Kirke (D:13)
  The ghost of Eboth the Blocker, an adept GnFi of Okawaru (Swamp:3)
  8 shadow dragons
  12 storm dragons
  8 draconian monks
  A tentacled starspawn (Abyss:4)
  5 tengu reavers
  Roxanne (Elf:3)
  5 frost giants
  8 rockslimes
  3 draconian knights
  12 azure jellies
  An iron dragon (Depths:3)
  19 vault wardens
  A fire giant (shapeshifter) (Vaults:5)
  A fenstrider witch (Swamp:2)
  5 emperor scorpions
  5 deep elf elementalists
  6 deep elf sorcerers
  11 fire giants
  Louise (D:15)
  A balrug (D:12)
  4 ghost moths
  3 draconian shifters
  6 draconian scorchers
  A war gargoyle (Abyss:4)
  2 orc warlords
  6 draconian stormcallers
  10 quicksilver oozes
  9 very ugly things
  6 formless jellyfish
  A ghoul (Swamp:4)
  15 ironbound preservers
  11 ironbound thunderhulks
  6 draconian annihilators
  14 stone giants
  11 black draconians
  13 dire elephants
  8 deep elf annihilators
  8 deep elf demonologists
  A bunyip (shapeshifter) (Depths:4)
  A minotaur (shapeshifter) (Vaults:5)
  3 eleionomae
  7 green draconians
  5 bunyips
  7 white draconians
  2 vampire knights
  10 yellow draconians
  21 red draconians
  2 lorocyprocas
  10 purple draconians
  17 starcursed masses
  3 spark wasps
  Snorg (Lair:3)
  2 eidola (Vaults:2)
  3 entropy weavers
  2 blizzard demons (IceCv)
  11 crystal guardians (Depths:2)
  4 deep elf death magi
  11 ettins
  The ghost of 0gre the Frost Mage, a journeyman GnIE of Vehumet (D:10)
  17 yaktaur captains
  10 fire dragons
  11 great orbs of eyes
  A shambling mangrove (Swamp:4)
  8 deep elf high priests
  13 ice dragons
  An ice dragon (shapeshifter) (Vaults:5)
  40 vault guards
  2 catoblepae (Abyss:4)
  2 rakshasas (Depths:3)
  18 hydras
  11 alligators
  5 ogre magi
  A peacekeeper (Vaults:1)
  A caustic shrike simulacrum (IceCv)
  A jorogumo (Spider:2)
  3 spriggan air magi
  6 centaur warriors
  14 ironbound frosthearts
  2 radroaches (shapeshifter)
  2 hell beasts (Depths:2)
  A radroach (Spider:2)
  5 deep troll shamans
  10 boulder beetles
  26 dancing weapons
  2 death knights (D:13)
  10 demonic crawlers
  11 two-headed ogres
  2 vampire magi
  3 deep troll earth magi
  A tengu warrior (Depths:2)
  3 spriggan berserkers
  A soul eater (Depths:2)
  21 thrashing horrors (Abyss:4)
  3 hell knights (Vaults:5)
  10 orc high priests (Orc:2)
  2 sun demons
  18 deep elf knights
  2 fire crabs (Swamp:4)
  A skeletal warrior (D:13)
  A wretched star (Abyss:4)
  4 iron trolls
  5 pharaoh ants
  3 sun moths
  A sixfirhy (Abyss:3)
  A goliath frog (Swamp:3)
  46 deep trolls
  A skyshark (Lair:4)
  A shadow wraith (Vaults:5)
  An orange crystal statue (Depths:2)
  6 bog bodies
  A sea snake (shapeshifter) (Vaults:5)
  A deep troll (shapeshifter) (Vaults:5)
  4 orb spiders
  A glowing orange brain (Abyss:4)
  A death drake (Abyss:4)
  2 flayed ghosts
  A quicksilver dragon simulacrum (Depths:2)
  3 spriggan druids
  17 large abominations
  Pikel (D:7)
  13 swamp dragons
  5 spriggan simulacra (IceCv)
  2 shadow demons
  An obsidian statue (IceCv)
  7 phantasmal warriors
  19 deep elf archers
  25 ironbound convokers
  6 wizards
  21 deep elf zephyrmancers
  8 necromancers
  17 lindwurms
  9 orc knights
  An oklob plant (Lair:3)
  9 steelbarb worms
  29 deep elf pyromancers
  16 wolf spiders
  9 shining eyes
  42 ugly things
  A faun (shapeshifter) (Abyss:4)
  2 will-o-the-wisps (Swamp:3)
  26 moths of wrath
  4 orc sorcerers
  5 cyclopes
  A cyclops (shapeshifter) (Depths:3)
  A tengu skeleton (Vaults:5)
  A salamander (Depths:1)
  2 manticores
  A stone giant skeleton (Vaults:2)
  A black mamba (shapeshifter) (Vaults:5)
  2 centaur zombies (D:15)
  8 elephants
  2 naga magi (D:15)
  24 vault sentinels
  2 fire giant skeletons
  5 smoke demons (Abyss:4)
  A rust devil (Abyss:4)
  An eye of devastation (Slime:5)
  An orange demon (Depths:4)
  2 centaur skeletons (D:15)
  3 unseen horrors
  A cane toad (shapeshifter) (Elf:2)
  18 cane toads
  A human zombie (Vaults:2)
  A torpor snail (shapeshifter) (Vaults:5)
  8 torpor snails
  3 gargoyles
  5 rime drakes
  24 yaktaurs
  4 ice devils (IceCv)
  2 kobold demonologists (Bailey)
  A tormentor (Abyss:4)
  4 freezing wraiths
  8 komodo dragons
  A tengu conjurer (Depths:2)
  8 catoblepas skeletons (Abyss:4)
  2 red devils
  4 anaconda simulacra (IceCv)
  7 ancient zymes
  A harpy zombie (Abyss:4)
  12 meliai
  7 polar bears
  7 trolls
  A silent spectre (Abyss:3)
  15 tyrant leeches
  23 tarantellas
  15 hornets
  A queen bee (D:12)
  4 hellwings
  15 raiju
  2 alligator simulacra (IceCv)
  3 bloated husks
  A harpy skeleton (D:15)
  13 dream sheep
  4 blink frogs (Lair:3)
  18 jumping spiders
  87 slime creatures
  24 spriggans
  4 air elementals
  2 water elementals
  6 flying skulls (Abyss:4)
  16 culicivoras
  A dire elephant simulacrum (IceCv)
  58 yaks
  A shadow (D:9)
  2 ynoxinuls (Abyss:4)
  8 basilisks
  2 chaos spawn (Abyss:4)
  5 wraiths
  4 wyverns
  A human (shapeshifter) (D:15)
  4 fire elementals
  8 golden eyes
  9 vampire mosquitoes
  11 minotaur simulacra (IceCv)
  3 neqoxecs
  Grum (D:8)
  9 steam dragons
  29 redbacks
  9 wargs
  18 swamp worms
  3 harpy simulacra (IceCv)
  3 acid dragons (D:11)
  A floating eye (Depths:2)
  2 glowing shapeshifter skeletons (Vaults:5)
  9 water moccasins
  42 orc warriors
  7 swamp drakes (Swamp:4)
  4 ice beasts
  8 black bears
  10 ogres
  An ogre skeleton (Vaults:2)
  29 wolves
  9 boggarts
  A boggart (shapeshifter) (D:14)
  7 centaurs
  2 phantoms
  2 kobold brigands
  12 bullfrogs
  13 earth elementals
  3 scorpions
  9 deep troll simulacra (IceCv)
  10 wights
  38 killer bees
  3 lindwurm simulacra (IceCv)
  2 howler monkeys
  3 electric eels (Bailey)
  5 jellies
  9 small abominations
  A hound (D:5)
  31 orc priests
  An iron imp (Abyss:4)
  8 iguanas
  14 orc wizards
  A sleepcap (D:4)
  16 gnolls
  6 adders
  3 white imps
  2 ufetubi (D:6)
  3 worms
  5 dart slugs
  80 orcs
  3 bats
  8 endoplasms
  12 giant cockroaches (D:2)
  18 goblins
  11 hobgoblins
  3 jackals (D:2)
  21 kobolds
  4 quokkas
  7 ball pythons
  3 frilled lizards
  4 rats
  A spectral kobold (D:10)
  A lurking horror (Abyss:4)
  A starspawn tentacle (Abyss:4)
2336 creatures vanquished.

Vanquished Creatures (collateral kills)
  A pandemonium lord (D:12)
  A Killer Klown (Zot:5)
  A golden dragon (Zot:5)
  An electric golem (Zot:5)
  A yellow draconian (Zot:4)
  A moth of wrath (Zot:5)
  A rust devil (D:12)
  An iron imp (D:12)
8 creatures vanquished.

Vanquished Creatures (others)
  A golden dragon (Vaults:5)
  A deep elf blademaster (Elf:3)
  2 draconian knights
  A draconian stormcaller (Zot:2)
  An ice dragon (Depths:4)
  An orb spider (Spider:4)
  A deep elf zephyrmancer (Elf:3)
  3 bloated husks (Swamp:3)
  A tarantella (Spider:1)
  2 humans (D:13)
  A swamp drake (Swamp:4)
  2 centaurs (D:13)
  A jelly (Lair:5)
  An orc wizard (Orc:2)
  An orc (Vaults:5)
  4 foxfires (Swamp:3)
  2 lurking horrors (Abyss:4)
  2 starspawn tentacles (Abyss:4)
28 creatures vanquished.

Grand Total: 2372 creatures vanquished

Notes
Turn   | Place    | Note
-------+----------+-------------------------------------------
     0 | D:1      | GloriousHammer the Troll Shapeshifter began the quest for
                  | the Orb.
     0 | D:1      | Reached XP level 1. HP: 18/18 MP: 0/0
   252 | D:1      | Reached skill level 1 in Fighting
   278 | D:1      | Reached XP level 2. HP: 27/27 MP: 1/1
   686 | D:2      | Reached XP level 3. HP: 33/33 MP: 2/2
   904 | D:2      | Reached skill level 4 in Unarmed Combat
   972 | D:2      | Reached XP level 4. HP: 41/41 MP: 3/3
  1427 | D:3      | Found an iron altar of Okawaru.
  1482 | D:3      | Found a blossoming altar of Fedhas.
  1574 | D:3      | Reached XP level 5. HP: 35/49 MP: 4/4
  1660 | D:3      | Reached skill level 5 in Unarmed Combat
  2096 | D:4      | Reached XP level 6. HP: 50/59 MP: 5/5
  2464 | D:4      | Found a shimmering altar of Xom.
  2528 | D:5      | Entered Level 5 of the Dungeon
  2579 | D:5      | Reached skill level 6 in Unarmed Combat
  2628 | D:5      | Found a glowing silver altar of Zin.
  2718 | D:5      | Reached XP level 7. HP: 67/67 MP: 6/6
  3241 | D:6      | Reached skill level 7 in Unarmed Combat
  3241 | D:6      | Reached skill level 5 in Shapeshifting
  3267 | D:6      | Reached XP level 8. HP: 78/78 MP: 7/7
  3321 | D:6      | Found a staircase to the Ecumenical Temple.
  3330 | Temple   | Entered the Ecumenical Temple
  3351 | Temple   | Became a worshipper of the Wu Jian Council
  3421 | D:6      | Found a hide-covered altar of Uskayaw.
  3481 | D:6      | Found a shadowy altar of Dithmenos.
  3809 | D:7      | Found an opulent altar of Gozag.
  3825 | D:7      | Noticed Pikel
  3833 | D:7      | Killed Pikel
  3834 | D:7      | Reached skill level 8 in Unarmed Combat
  4008 | D:7      | Found a flagged portal.
  4012 | D:7      | Reached XP level 9. HP: 87/87 MP: 8/8
  4016 | D:7      | Reached skill level 9 in Unarmed Combat
  4032 | Bailey   | Entered a bailey
  4077 | Bailey   | Reached skill level 5 in Fighting
  4313 | Bailey   | Reached * piety under Wu Jian
  4478 | Bailey   | Reached skill level 10 in Unarmed Combat
  4542 | Bailey   | Acquired a manual of Shapeshifting
  4580 | Bailey   | Noticed a kobold demonologist
  4585 | Bailey   | Noticed a soul eater
  4589 | Bailey   | Killed a kobold demonologist
  4633 | Bailey   | Found an iron altar of Okawaru.
  4633 | Bailey   | Noticed a kobold demonologist
  4642 | Bailey   | Killed a kobold demonologist
  4646 | Bailey   | Reached XP level 10. HP: 81/98 MP: 9/9
  4679 | Bailey   | Identified the +0 pearl dragon scales of Recklessness
                  | {Rampage +Blink rF- rN+ rCorr}
  4701 | Bailey   | Identified the +6 dagger "Fesad" {heavy, *Corrode rElec
                  | rC+++ Stlth-}
  4716 | Bailey   | Acquired 512 gold pieces
  4718 | Bailey   | Acquired a +0 tower shield of cold resistance
  5057 | D:7      | Reached skill level 1 in Shields
  5078 | D:7      | Reached skill level 11 in Unarmed Combat
  5102 | D:7      | Found a sparkling altar of Nemelex Xobeh.
  5320 | D:8      | Reached ** piety under Wu Jian
  5421 | D:8      | Learned a level 2 spell: Lesser Beckoning
  5463 | D:8      | Noticed a two-headed ogre
  5470 | D:8      | Killed a two-headed ogre
  5657 | D:8      | Found a shimmering blue altar of Sif Muna.
  5702 | D:8      | Found a staircase to the Lair.
  5709 | D:8      | Noticed Grum
  5711 | D:8      | Reached skill level 12 in Unarmed Combat
  5714 | D:8      | Killed Grum
  5925 | D:9      | Found a bloodstained altar of Trog.
  6032 | D:9      | Reached XP level 11. HP: 88/107 MP: 10/10
  6277 | D:9      | Reached *** piety under Wu Jian
  6540 | D:9      | Found a snail-covered altar of Cheibriados.
  6540 | D:9      | Found Cheibriados's Comfort Zone.
  6789 | D:10     | Entered Level 10 of the Dungeon
  6838 | D:10     | Noticed a two-headed ogre
  6845 | D:10     | Killed a two-headed ogre
  7107 | D:10     | Reached skill level 10 in Shapeshifting
  7257 | D:10     | Found a hazy altar of Hepliaklqana.
  7487 | D:10     | Noticed 0gre's ghost (journeyman GnIE)
  7489 | D:10     | Found a transporter.
  7489 | D:10     | Noticed a two-headed ogre
  7489 | D:10     | Noticed a two-headed ogre
  7490 | D:10     | Noticed a two-headed ogre
  7491 | D:10     | Identified the +4 great mace "Laonkim" {heavy, rElec rCorr
                  | Stlth+}
  7491 | D:10     | Identified the +0 dire flail of the Winnowing Gods {drain,
                  | rN+ Stlth+}
  7491 | D:10     | Noticed a two-headed ogre
  7839 | D:10     | Found Yrphiefuunn's Jewellery Emporium.
  7858 | D:10     | Bought a ring of poison resistance for 240 gold pieces
  7961 | Lair:1   | Entered Level 1 of the Lair of Beasts
  8084 | Lair:1   | Reached skill level 13 in Unarmed Combat
  8118 | Lair:1   | Reached **** piety under Wu Jian
  8128 | Lair:1   | Reached skill level 5 in Shields
  8467 | Lair:1   | Reached XP level 12. HP: 119/119 MP: 11/11
  8630 | Lair:1   | Noticed a six-headed hydra
  8638 | Lair:1   | Killed a nine-headed hydra
  9166 | Lair:2   | Reached skill level 14 in Unarmed Combat
  9179 | Lair:2   | Found a hole to the Spider Nest.
  9967 | Lair:3   | Found a staircase to the Swamp.
  9967 | Lair:3   | Noticed an eleionoma
  9973 | Lair:3   | Killed an eleionoma
 10000 | Lair:3   | Noticed an eight-headed hydra
 10007 | Lair:3   | Killed an eight-headed hydra
 10059 | Lair:3   | Noticed Snorg
 10072 | Lair:3   | Killed Snorg
 10545 | Lair:3   | Reached ***** piety under Wu Jian
 10827 | Lair:3   | Reached XP level 13. HP: 130/130 MP: 12/12
 10834 | Lair:3   | Reached skill level 15 in Unarmed Combat
 12211 | Lair:5   | Entered Level 5 of the Lair of Beasts
 12378 | Lair:5   | Found a staircase to the Slime Pits.
 12379 | Lair:5   | Found a viscous altar of Jiyva.
 12476 | Lair:5   | Identified the +1 chain mail "Amupp" {MP+9 Int+3}
 12544 | Lair:5   | HP: 5/132 [spriggan rider/+0 spear (17)]
 12553 | Lair:5   | Reached XP level 14. HP: 23/141 MP: 13/13
 12600 | Lair:5   | Reached skill level 16 in Unarmed Combat
 13473 | Lair:5   | Upgraded the game from 0.31-a0-765-g67fe2935dc to
                  | 0.31-a0-795-g5eb97db20b
 13609 | D:10     | Found a transporter.
 13615 | D:10     | Reached skill level 15 in Shapeshifting
 13748 | D:10     | Killed 0gre's ghost
 13975 | D:11     | Reached skill level 10 in Fighting
 14897 | D:12     | Found a staircase to the Orcish Mines.
 15326 | Orc:1    | Entered Level 1 of the Orcish Mines
 15405 | Orc:1    | Found a bloodstained altar of Trog.
 15609 | Orc:1    | You fall into a shaft and drop 1 floor!
 15609 | Orc:2    | Entered Level 2 of the Orcish Mines
 15609 | Orc:2    | Found Mipek's Armour Emporium.
 15646 | Orc:2    | Paralysed by something for 4 turns
 15671 | Orc:2    | Reached ****** piety under Wu Jian
 15774 | Orc:2    | Found Meipseil's Vocational Training.
 15861 | Orc:2    | Found a staircase to the Elven Halls.
 15996 | Orc:2    | Noticed an orc warlord
 16033 | Orc:2    | Killed an orc warlord
 16360 | Orc:2    | Reached skill level 17 in Unarmed Combat
 16402 | Orc:2    | Found Zuced's Book Shop.
 16402 | Orc:2    | Found Pedic's Weapon Shoppe.
 16571 | Orc:2    | Found Qarr's General Store.
 16571 | Orc:2    | Found Ashinkot's Assorted Antiques.
 16943 | Orc:2    | Bought an embroidered cloak for 202 gold pieces
 16965 | Orc:2    | Bought a peridot ring for 135 gold pieces
 16965 | Orc:2    | Bought a murky inky potion for 24 gold pieces
 16968 | Orc:2    | Upgraded the game from 0.31-a0-795-g5eb97db20b to
                  | 0.31-a0-799-g6bc09d010c
 16968 | Orc:2    | Upgraded the game from 0.31-a0-799-g6bc09d010c to
                  | 0.31-a0-806-g0bc164a743
 17032 | Orc:2    | Bought a book of Spatial Translocations for 198 gold pieces
 17032 | Orc:2    | Bought a book of Changes for 198 gold pieces
 17032 | Orc:2    | Bought a book of Death for 484 gold pieces
 17044 | Orc:2    | Bought a manual of Evocations for 1120 gold pieces
 17094 | D:13     | Noticed Kirke
 17097 | D:13     | Killed Kirke
 17098 | D:13     | Reached XP level 15. HP: 152/152 MP: 14/14
 17156 | Abyss:3  | Cast into level 3 of the Abyss (a wizard)
 17182 | D:13     | Escaped the Abyss
 17246 | D:13     | Found a gate to the Vaults.
 17314 | D:13     | Reached skill level 1 in Evocations
 19178 | D:15     | Entered Level 15 of the Dungeon
 19363 | D:15     | Found a staircase to the Depths.
 19387 | D:15     | Noticed Louise
 19402 | D:15     | Killed Louise
 19475 | D:15     | Found a portal to a secret trove of treasure.
 19645 | D:15     | Reached skill level 18 in Unarmed Combat
 19714 | D:15     | Found Omosipp's Jewellery Boutique.
 20198 | Spider:1 | Entered Level 1 of the Spider Nest
 20200 | Spider:1 | Reached skill level 10 in Shields
 20342 | Spider:1 | Reached XP level 16. HP: 162/162 MP: 15/15
 20603 | Spider:1 | Acquired the ring "Emaisa Ytitz" {rC+ Will+ EV+5}
 20813 | Spider:2 | Reached skill level 5 in Evocations
 20943 | Spider:2 | Found a frozen archway.
 20977 | IceCv    | Entered an ice cave
 21095 | IceCv    | Reached skill level 5 in Dodging
 21240 | IceCv    | Identified the +3 war axe "Mogiwkea" {speed, Will+ Int+2
                  | Dex+2}
 21246 | IceCv    | Identified the +8 war axe of the Reaper {flame, Dex+4}
 21523 | Spider:2 | Learned a level 2 spell: Blink
 21526 | Spider:2 | Learned a level 2 spell: Wereblood
 22097 | Spider:3 | Reached skill level 1 in Transmutations
 22146 | Spider:3 | Identified the +1 rapier "Nawad" {spect, rC++ Will+ Dex+2}
 22443 | Spider:3 | Identified the ring "Zanuh" {rPois rC+ Will+ Str+4 Slay-2}
 23124 | Spider:3 | Identified the +5 chain mail "Ekhli" {rN++ Str+6 Stlth-}
 23279 | Spider:4 | Entered Level 4 of the Spider Nest
 23367 | Spider:3 | Reached XP level 17. HP: 157/172 MP: 0/16
 24066 | Spider:4 | Got a gossamer rune of Zot
 24621 | Swamp:1  | Entered Level 1 of the Swamp
 24962 | Swamp:1  | Upgraded the game from 0.31-a0-806-g0bc164a743 to
                  | 0.31-a0-810-ga77100ea1a
 25198 | Swamp:2  | Reached skill level 1 in Spellcasting
 25270 | Swamp:2  | Reached skill level 19 in Unarmed Combat
 25753 | Swamp:3  | Found a sparkling altar of Nemelex Xobeh.
 25812 | Swamp:3  | Found a runed translucent door.
 25918 | Swamp:3  | Noticed Eboth's ghost (adept GnFi)
 26148 | Swamp:3  | Killed Eboth's ghost
 26158 | Swamp:3  | Identified the ring of Fulabrod {rPois rC+ AC+4}
 26177 | Swamp:4  | Entered Level 4 of the Swamp
 26332 | Swamp:4  | Reached XP level 18. HP: 183/183 MP: 19/19
 26646 | Swamp:4  | Got a decaying rune of Zot
 27061 | Vaults:1 | Entered Level 1 of the Vaults
 27068 | Vaults:1 | Paralysed by a great orb of eyes for 5 turns
 27346 | Vaults:1 | Identified the +0 robe "Fodiust" {Will+ Regen+ Int+5}
 28092 | Vaults:2 | Found a staircase to the Crypt.
 28471 | Vaults:2 | Reached XP level 19. HP: 192/192 MP: 22/22
 28517 | Vaults:2 | Reached skill level 20 in Unarmed Combat
 28990 | Vaults:2 | Reached skill level 5 in Transmutations
 29046 | Vaults:2 | You fall into a shaft and drop 2 floors!
 29817 | Vaults:3 | Found Ityibb's Armour Boutique.
 29852 | Vaults:3 | Paralysed by a sphinx for 4 turns
 30110 | Vaults:3 | Found Luxuz's Assorted Antiques.
 30119 | Vaults:3 | Bought a sack of spiders for 1520 gold pieces
 30191 | Vaults:3 | Reached skill level 10 in Evocations
 30394 | Vaults:3 | Found Hoodioxuhe's Antique Weapon Emporium.
 31219 | Vaults:4 | Reached XP level 20. HP: 204/204 MP: 23/23
 31255 | Vaults:4 | Reached skill level 1 in Translocations
 31882 | Elf:1    | Entered Level 1 of the Elven Halls
 32117 | Elf:1    | Reached skill level 21 in Unarmed Combat
 32623 | Elf:2    | Found a radiant altar of Vehumet.
 32699 | Elf:2    | Found Detihy's Antique Weapon Emporium.
 32705 | Elf:2    | Found Cevamun's Assorted Antiques.
 32716 | Elf:2    | Bought a viscous emerald potion for 31 gold pieces
 32760 | Elf:2    | Found a runed translucent gate.
 32760 | Elf:2    | Found a runed translucent gate.
 32760 | Elf:2    | Found a runed translucent gate.
 32855 | Elf:2    | Paralysed by an air elemental for 1 turns
 33069 | Elf:2    | Found Vuhut's Armour Boutique.
 33467 | Elf:2    | Reached skill level 15 in Shields
 33906 | Elf:3    | Entered Level 3 of the Elven Halls
 33973 | Elf:3    | Reached XP level 21. HP: 213/213 MP: 24/24
 33983 | Elf:3    | Noticed Asterion
 34073 | Elf:3    | Killed Asterion
 34136 | Elf:3    | Noticed Bai Suzhen
 34146 | Elf:3    | Killed Bai Suzhen
 34180 | Elf:3    | Reached XP level 22. HP: 167/222 MP: 23/25
 34258 | Elf:3    | Paralysed by an air elemental for 1 turns
 34332 | Elf:3    | Noticed Roxanne
 34342 | Elf:3    | Killed Roxanne
 34865 | Elf:3    | Identified the ring of Broken Luck {rPois rCorr}
 34925 | Elf:3    | Got a dusty book
 34986 | Elf:3    | Got an inconspicuous book
 34992 | Elf:3    | Identified the +0 cloak of Somewhere Else {rPois Str-5
                  | Int+6}
 35000 | Elf:3    | Identified the +3 hand cannon of the New World {freeze,
                  | rElec rN+}
 35026 | Elf:3    | Identified the staff of the Illusory Prophets {Drain Fly
                  | rElec rF+ Fire}
 35063 | Elf:3    | Identified the +7 ring mail "Woigh" {Rampage +Blink rF-
                  | Regen+}
 35661 | Depths:1 | Entered Level 1 of the Depths
 35747 | Depths:1 | Found a gateway to Hell.
 35932 | Depths:1 | Found a one-way gate to the infinite horrors of the Abyss.
 35935 | Depths:1 | Paralysed by a vampire knight for 3 turns
 36345 | Depths:2 | Found a one-way gate leading to the halls of Pandemonium.
 36359 | Depths:2 | Paralysed by a floating eye for 4 turns
 36584 | Depths:2 | Reached skill level 10 in Dodging
 36607 | Depths:2 | Reached skill level 22 in Unarmed Combat
 36881 | Depths:2 | Reached skill level 5 in Translocations
 36926 | Depths:2 | Found a shimmering blue altar of Sif Muna.
 36958 | Depths:2 | Acquired 938 gold pieces
 37020 | Depths:2 | Learned a level 4 spell: Vhi's Electric Charge
 37023 | Depths:2 | Learned a level 2 spell: Passwall
 37025 | Depths:2 | Acquired a manual of Translocations
 37461 | Depths:3 | Found Lejelout's Antique Weapon Shoppe.
 37542 | Depths:3 | Noticed a caustic shrike
 37544 | Depths:3 | Noticed a golden dragon
 37546 | Depths:3 | Killed a caustic shrike
 37550 | Depths:3 | Killed a golden dragon
 37766 | Depths:3 | Found a one-way gateway to a ziggurat.
 37992 | Depths:3 | Found a shadowy altar of Dithmenos.
 38430 | Depths:4 | Entered Level 4 of the Depths
 38572 | Depths:4 | Reached skill level 1 in Earth Magic
 38572 | Depths:4 | Noticed a golden dragon
 38578 | Depths:4 | Reached XP level 23. HP: 217/232 MP: 26/26
 38741 | Depths:4 | Found a gate to the Realm of Zot.
 38744 | Depths:4 | Reached skill level 1 in Air Magic
 39224 | Depths:4 | Learned a level 4 spell: Passage of Golubria
 39226 | Depths:4 | Learned a level 1 spell: Apportation
 39230 | Depths:4 | Learned a level 3 spell: Swiftness
 39258 | Depths:4 | Voluntarily entered the Abyss.
 39425 | Abyss:4  | Identified the +4 arbalest of Grace {freeze, rElec Int+3}
 39587 | Abyss:4  | Got an abyssal rune of Zot
 39772 | Depths:4 | Escaped the Abyss
 40015 | D:15     | You showed the abyssal rune of Zot to enter a treasure
                  | trove
 40016 | Trove    | Entered a treasure trove
 40021 | Trove    | Identified the ring "Osaisir" {rElec rPois rN+ Stlth-}
 40023 | Trove    | Identified the ring "Qasov" {Wiz rCorr}
 40030 | Trove    | Identified the ring "Otelitui" {Wiz Drain rF++}
 40035 | Trove    | Identified the ring of Kuizaq {Ice Will+++ Int+2}
 40054 | Trove    | Identified the ring "Wuschysch" {rF+ rCorr Str+4 Dex-3
                  | SInv}
 40062 | Trove    | Identified the ring "Ixzen" {rC- rN+ rCorr Int+4 Slay+2}
 40070 | Trove    | Identified the ring "Uzxeupir" {+Blink rF- rCorr Str+2
                  | Dex+5}
 40367 | Slime:1  | Entered Level 1 of the Pits of Slime
 40375 | Slime:1  | Reached skill level 15 in Fighting
 40770 | Slime:2  | Gained mutation: Your magical capacity is low. (-10% MP) [a
                  | shining eye]
 40840 | Slime:2  | Reached skill level 1 in Throwing
 41342 | Slime:3  | Gained mutation: Your body sometimes deteriorates upon
                  | taking damage. [a shining eye]
 41516 | Slime:4  | Gained mutation: You occasionally lose the ability to drink
                  | potions when taking damage. [a shining eye]
 41562 | Slime:4  | Gained mutation: You sometimes lose your temper in combat.
                  | [a shining eye]
 41568 | Slime:4  | Gained mutation: You occasionally lose the ability to read
                  | scrolls when taking damage. [a shining eye]
 41576 | Slime:4  | Lost mutation: You sometimes lose your temper in combat. [a
                  | shining eye]
 41578 | Slime:4  | Gained mutation: Your body often deteriorates upon taking
                  | damage. [a shining eye]
 41581 | Slime:4  | Gained mutation: You occasionally shout uncontrollably at
                  | your foes. [a shining eye]
 41582 | Slime:4  | Gained mutation: You are weak. (Str -2) [a shining eye]
 41584 | Slime:4  | Gained mutation: Armour fits poorly on your strangely
                  | shaped body. [a shining eye]
 41597 | Slime:4  | Reached skill level 23 in Unarmed Combat
 41599 | Slime:4  | Reached XP level 24. HP: 245/245 MP: 21/23
 42006 | Slime:5  | Entered Level 5 of the Pits of Slime
 42040 | Slime:5  | Found a viscous altar of Jiyva.
 42040 | Slime:5  | Noticed the Royal Jelly
 42065 | Slime:5  | Killed the Royal Jelly
 42100 | Slime:5  | Found the +16 obsidian axe {drain, demonic, Mesm Drain Fly
                  | SInv}
 42101 | Slime:5  | Found the +8 longbow "Zephyr" {speed, Dex+3 SInv}
 42143 | Slime:5  | Identified the +4 trident "Viruc" {protect, rF- Str+3
                  | Stlth+}
 42145 | Slime:5  | Got a slimy rune of Zot
 42147 | Slime:5  | Got a conspicuous book
 42205 | Slime:5  | Identified the amulet of Nouheer {Faith rF+ Str+3}
 42206 | Slime:5  | Identified the ring of Darkness {rF+ Will+ Str+4}
 42226 | Slime:5  | Identified the ring of Henael {rF+ Int+6}
 42243 | Slime:5  | Identified the +0 scimitar of Uskayaw's Favour {heavy, rF+
                  | rCorr Dex+2 Stlth-}
 42615 | Slime:5  | Lost mutation: Your body often deteriorates upon taking
                  | damage. [potion of mutation]
 42615 | Slime:5  | Lost mutation: You occasionally lose the ability to read
                  | scrolls when taking damage. [potion of mutation]
 42615 | Slime:5  | Lost mutation: You occasionally lose the ability to drink
                  | potions when taking damage. [potion of mutation]
 42615 | Slime:5  | Gained mutation: Your system is resistant to poisons.
                  | (rPois) [potion of mutation]
 42616 | Slime:5  | Lost mutation: Your body sometimes deteriorates upon taking
                  | damage. [potion of mutation]
 42616 | Slime:5  | Lost mutation: Your magical capacity is low. (-10% MP)
                  | [potion of mutation]
 42616 | Slime:5  | Lost mutation: You occasionally shout uncontrollably at
                  | your foes. [potion of mutation]
 42616 | Slime:5  | Lost mutation: You are weak. (Str -2) [potion of mutation]
 42621 | Slime:5  | Lost mutation: Your system is resistant to poisons. (rPois)
                  | [potion of mutation]
 42621 | Slime:5  | Lost mutation: Armour fits poorly on your strangely shaped
                  | body. [potion of mutation]
 42621 | Slime:5  | Gained mutation: You have hidden genetic potential. [potion
                  | of mutation]
 42621 | Slime:5  | Gained mutation: You have sharp toenails. [potion of
                  | mutation]
 42994 | Vaults:5 | Entered Level 5 of the Vaults
 43033 | Vaults:5 | Noticed Saint Roka
 43039 | Vaults:5 | Killed Saint Roka
 43047 | Vaults:5 | Reached skill level 5 in Throwing
 43067 | Vaults:5 | Noticed Mara
 43070 | Vaults:5 | Killed Mara
 43086 | Vaults:5 | Noticed an ancient lich
 43092 | Vaults:5 | Killed an ancient lich
 43105 | Vaults:5 | Noticed a dread lich
 43111 | Vaults:5 | Killed a dread lich
 43134 | Vaults:5 | Reached XP level 25. HP: 256/256 MP: 26/26
 43253 | Vaults:5 | Identified the +5 great sword "Esos" {venom, rN+ Str-4
                  | Int+3 SInv}
 43331 | Vaults:5 | Got a silver rune of Zot
 43595 | Vaults:5 | Identified the +1 orcbow "Tewn" {freeze, rPois rCorr Str+3}
 43614 | Vaults:5 | Identified the +1 sling of Canuvon {speed, rElec rPois
                  | rCorr Int-4}
 43638 | Vaults:5 | Got a fuliginous book
 43765 | Vaults:5 | Got a tattered book
 43886 | Vaults:5 | Found Rukittap's Distillery.
 44379 | Zot:1    | Entered Level 1 of the Realm of Zot
 44636 | Zot:1    | Noticed an orb of fire
 44754 | Zot:1    | Gained mutation: Your skin changes colour to match your
                  | surroundings (Stealth+). [hidden potential]
 44793 | Zot:1    | Learned a level 4 spell: Manifold Assault
 45484 | Zot:2    | Reached skill level 5 in Air Magic
 45522 | Zot:2    | Reached skill level 24 in Unarmed Combat
 45842 | Zot:2    | Acquired a manual of Dodging
 46477 | Zot:3    | Identified the +14 plate armour of Yredelemnul's Scorn
                  | {Harm rF- Int+4}
 46598 | Zot:3    | You fall into a shaft and drop 1 floor!
 47621 | Zot:4    | Reached XP level 26. HP: 269/269 MP: 26/26
 48252 | Zot:5    | Entered Level 5 of the Realm of Zot
 48294 | Zot:5    | Gained mutation: Your muscles are strong. (Str +4, Int/Dex
                  | -1) [hidden potential]
 48294 | Zot:5    | Lost mutation: You have hidden genetic potential. [hidden
                  | potential expressed]
 48737 | Zot:5    | Noticed an orb of fire
 48739 | Zot:5    | Noticed an orb of fire
 48746 | Zot:5    | Killed an orb of fire
 48750 | Zot:5    | Gained mutation: Your mind is acute. (Int +4, Str/Dex -1)
                  | [an orb of fire]
 48751 | Zot:5    | Killed an orb of fire
 48762 | Zot:5    | Noticed an orb of fire
 48763 | Zot:5    | Noticed an orb of fire
 48769 | Zot:5    | Killed an orb of fire
 48769 | Zot:5    | Killed an orb of fire
 48972 | Zot:5    | Reached skill level 10 in Throwing
 48985 | Zot:5    | Noticed an orb of fire
 48986 | Zot:5    | Noticed an orb of fire
 48986 | Zot:5    | Noticed an orb of fire
 48986 | Zot:5    | Killed an orb of fire
 48991 | Zot:5    | Killed an orb of fire
 48994 | Zot:5    | Killed an orb of fire
 48994 | Zot:5    | Noticed an orb of fire
 48998 | Zot:5    | Killed an orb of fire
 49000 | Zot:5    | Reached skill level 10 in Translocations
 49003 | Zot:5    | Noticed a dread lich
 49007 | Zot:5    | Killed a dread lich
 49036 | Zot:5    | Reached skill level 15 in Dodging
 49452 | Zot:5    | Got the Orb of Zot
 49583 | Depths:4 | Noticed Riod the pandemonium lord
 49584 | Depths:4 | Killed Riod the pandemonium lord
 49748 | D:12     | Noticed Barchawn the pandemonium lord
 49754 | D:12     | Killed Barchawn the pandemonium lord
 49755 | D:12     | Reached XP level 27. HP: 279/279 MP: 26/26
 49780 | D:12     | Noticed Luir the pandemonium lord
 49785 | D:12     | Killed Luir the pandemonium lord
 49838 | D:9      | Noticed Yrrabibb the pandemonium lord
 49839 | D:9      | Killed Yrrabibb the pandemonium lord
 49956 | D:4      | Noticed Siosm the pandemonium lord
 50114 | D:$      | Escaped with the Orb!

Illustrated notes

Levels and vault maps discovered:
D:1:      dpeg_cavernosity, layout_rooms
D:2:      minmay_roachtagon, layout_loops_cross, minmay_split_cup_large
D:3:      layout_rooms, fedhas_altar_1, okawaru_ov_weapons_minmay,
          chequers_serial_rivers_micro_a, st_stairs_11
D:4:      layout_cave_pools, kennysheep_mini, serial_column_ruins,
          column_ruins_square_small, column_ruins_courtyard_long,
          column_ruins_open_small, column_ruins_columns_straight,
          column_ruins_open_tiny, column_ruins_grid_3, column_ruins_grid_1
D:5:      layout_loops_ring, zin_academy
D:6:      layout_cave_pools, nicolae_uskayaw_murder_on_the_dancefloor,
          mainiacjoe_overflow_alcove_1, lemuel_temple_firewalk_a
D:7:      layout_basic, nicolae_gozag_cash_rules_everything_around_me,
          nemelex_dance_club_becter, enter_bailey_2, uniq_pikel
D:8:      layout_rooms, nicolae_sif_muna_little_library,
          grunt_lair_entry_orc_guard_hut, uniq_grum
D:9:      layout_basic, lemuel_tele_altar, minmay_shop_chei
D:10:     layout_loops_corners, nicolae_hepliaklqana_monster_ancestors,
          serial_shops, kennysheep_little_box, gammafunk_ghost_smash
D:11:     layout_roguey, nrook_loot_triangle
D:12:     layout_roguey [special_room_bee], david_orc_3
D:13:     layout_rooms, grunt_vaults_entry_fortified, lemuel_flamethrower_3,
          uniq_kirke
D:14:     layout_layer_cave
D:15:     grunt_enter_depths_magical_seal, layout_irregular_city,
          nicolae_trove_entry_columns, serial_shops, nicolae_shop_hallway_plus,
          minivault_23, uniq_louise
Temple:   minmay_temple_curvy_loop
Lair:1:   layout_long_grid
Lair:2:   layout_regular_city, nicolae_spider_entry_lesser_pyramids,
          beast_lair_carwin_4, infiniplex_staircase_pool
Lair:3:   layout_hall_layers, alex1729_swamp_entry_worm_eleionoma,
          serial_bayou_pond_a, hangedman_lair_unloving_vines,
          lemuel_old_faithful, uniq_snorg
Lair:4:   layout_cave_pods, fungi_pond_lemuel, serial_bayou_shore_b
Lair:5:   minmay_lair_end_enchanted_forest, layout_cave_pods,
          nicolae_slime_entry_slimehenge, serial_bayou_pond_e,
          infiniplex_staircase_pool_2
Swamp:1:  layout_falls_marsh, nicolae_swamp_small_spring
Swamp:2:  layout_basic_swamp, serial_swamp_ruin, evilmike_swamp_ruin_rubble_1,
          evilmike_swamp_ruin_house_1, swamp_pool5
Swamp:3:  layout_basic_swamp, ebering_ghost_reflecting_pool,
          evilmike_swamp_ruin_rubble_2, swamp_pool2, lemuel_altar_in_water,
          hangedman_swamp_lotus
Swamp:4:  swamp_fiery, layout_basic_swamp
Spider:1: layout_spider_delve
Spider:2: layout_spider_delve, portal_ice_cave_entry_ugly_swarm
Spider:3: layout_chambers, drop_trap
Spider:4: hellmonk_spider_rune_bug_friends
Slime:1:  layout_caves
Slime:2:  layout_caves
Slime:3:  layout_caves
Slime:4:  nicolae_slime_pool, layout_caves, special_room [special_room_jelly]
Slime:5:  slime_pit
Orc:1:    layout_diamond_mine, trog_butcher_becter
Orc:2:    st_orc_town, layout_caves, serial_shops, shop, nicolae_orc_lava_tube,
          nicolae_shop_vocational
Elf:1:    layout_loops_cross, hangedman_elf_represent, grunt_megastairs_4
Elf:2:    elven_hall_of_blades_hangedman_original
          [nicolae_blade_entry_diamond_columns], layout_gridlike, basic_altar,
          serial_shops, shop, lemuel_elevator, minmay_shoptagon
Elf:3:    minmay_elf_hall_furrowed, layout_onion_city, uniq_roxanne,
          uniq_asterion, uniq_bai_suzhen
Vaults:1: st_check, v_misc_15, vaults_dpeg_doors, vaults_dpeg_cross,
          nicolae_vaults_little_squares_5, v_misc_15, v_misc_25,
          hangedman_vaults_stretched_pinwheel,
          nicolae_vaults_network_quinsquares
          [nicolae_vaults_network_quincunx_subvault,
          nicolae_vaults_network_quincunx_subvault,
          nicolae_vaults_network_quincunx_subvault,
          nicolae_vaults_network_quincunx_subvault], layout_vaults_omnibox
Vaults:2: nicolae_vaults_trapezoid_2, hangedman_vaults_maws, v_misc_4,
          nicolae_vaults_apartment_2, grunt_vaults_funnel,
          hangedman_vaults_slice, nicolae_vaults_stepped_doors,
          vaults_dpeg_spiral, nicolae_vaults_stand_back,
          nicolae_vaults_heart-shaped_vault, nicolae_vaults_shelves_hall,
          layout_vaults_omnigrid, dummy_crypt_entry
Vaults:3: vaults_standard_mumra_lines, vaults_mumra_hex,
          nicolae_vaults_inception_scallops, nicolae_vaults_security_offices_4,
          nicolae_vaults_border_crossing, nicolae_vaults_meiosis, v_misc_29,
          nicolae_vaults_tangram_1, nicolae_vaults_shrinking_rooms_2,
          vaults_dpeg_diagonal, layout_vaults_ring, serial_shops,
          nicolae_diamond_shop, nicolae_shop_stone, shop
Vaults:4: v_misc_9, nicolae_vaults_network_star,
          vaults_room_hangedman_quadrants, hangedman_vaults_restitches,
          nicolae_vaults_frosty_reception, nicolae_vaults_network_barrier,
          nicolae_vaults_what_the_h, nicolae_vaults_bisected_slash,
          nicolae_vaults_trapezoid_lopsided_1,
          nicolae_vaults_variable_pillar_hall_cross,
          nicolae_vaults_tetromino_L_2, nicolae_vaults_trapezoid_1,
          nicolae_vaults_little_ls, layout_vaults_omnicross
Vaults:5: uniq_saint_roka, uniq_mara
Depths:1: layout_cave_pools, serial_bayou_pond_a,
          nicolae_abyss_entry_one_way_or_another, hell_entry, grunt_ministairs_5
Depths:2: minmay_crystal_thing, layout_gridlike, minmay_stone_trees_small,
          abyss_entry_glasseish, grunt_mini_vestibule, pan_entry,
          hangedman_decor_push, infiniplex_staircase_squiggle
Depths:3: minmay_ornate_pinched, layout_basic, enter_ziggurat_d,
          minmay_misc_feat_pillars, pan_entry, pf_vacation_house_of_asmodeus,
          abyss_entry, serial_shops, nicolae_shop_statue_plus,
          grunt_dithmenos_smoke_and_mirrors, minmay_staircase_bubble
Depths:4: grunt_zot_entry_tricorne, layout_cave_shapes,
          grunt_hell_entry_dis_grunt, pan_entry, abyss_entry,
          minmay_crystal_room
Zot:1:    layout_gridlike, grunt_megastairs_1
Zot:2:    layout_concentric_octagons
Zot:3:    kennysheep_ambush_hall, layout_concentric_octagons
Zot:4:    layout_basic, st_small_dragon_hoard_5
Zot:5:    layout_misc_corridors, lemuel_golem_globe

Skill      XL: |  1  2  3  4  5  6  7  8  9 10 11 12 13 14 15 16 17 18 19 20 21 22 23 24 25 26 |
---------------+-------------------------------------------------------------------------------+-----
Fighting       | 1 2 3 4 6 7 8 9 10 11 12 13 14 15 16 17 | 17.6
Unarmed Combat | 4 5 6 7 8 10 12 13 14 15 17 18 19 20 21 22 23 24 | 24.9
Shapeshifting  | 4 5 6 7 9 11 12 14 15 16 17 18 19 20 21 | 21.5
Shields        | 3 5 6 8 9 10 11 12 14 15 16 | 16.4
Evocations     | 4 6 8 9 10 | 10.1
Dodging        | 3 5 6 7 8 9 10 11 12 13 15 | 15.3
Transmutations | 1 3 4 5 7 8 |  8.0
Spellcasting   | 1 3 |  3.0
Translocations | 3 4 6 8 9 10 | 10.8
Earth Magic    | 1 2 |  2.0
Air Magic      | 3 4 6 7 |  7.6
Throwing       | 2 6 8 10 | 10.8

Action                     |  1- 3 |  4- 6 |  7- 9 | 10-12 | 13-15 | 16-18 | 19-21 | 22-24 | 25-27 || total
---------------------------+-------+-------+-------+-------+-------+-------+-------+-------+-------++-------
  Melee: Unarmed           |    88 |   159 |   181 |   548 |  1058 |  1017 |   762 |  1440 |   761 ||  6014
         Punch             |       |     2 |     5 |     6 |       |       |       |       |       ||    13
         Maw               |       |       |       |    47 |   220 |       |       |       |       ||   267
         Constrict         |       |       |       |    14 |       |       |       |       |       ||    14
         Kick              |       |       |       |       |       |       |       |    55 |   240 ||   295
  Throw: Boomerang         |       |       |     3 |       |       |    27 |       |       |       ||    30
         Throwing net      |       |       |       |       |       |       |       |     1 |       ||     1
         Large rock        |       |       |       |       |       |       |       |       |    14 ||    14
   Cast: Wereblood         |       |       |       |       |       |       |     3 |    23 |    13 ||    39
         Vhi's Electric Ch |       |       |       |       |       |       |       |     1 |       ||     1
         Lesser Beckoning  |       |       |       |       |       |       |       |       |     5 ||     5
         Apportation       |       |       |       |       |       |       |       |       |     3 ||     3
 Invoke: Serpent's Lash    |       |       |       |     2 |    12 |     7 |     1 |    14 |    16 ||    52
         Heavenly Storm    |       |       |       |       |     2 |     2 |     4 |     4 |     1 ||    13
Ability: Lunge             |       |       |    13 |    44 |    84 |    76 |    66 |   112 |    57 ||   452
         Whirlwind         |       |       |     1 |    94 |   420 |   195 |   285 |   574 |   191 ||  1760
         Wall Jump         |       |       |       |       |       |       |     1 |       |     2 ||     3
  Evoke: Wand              |       |       |       |       |     2 |     3 |     5 |     3 |     4 ||    17
         Phial of floods   |       |       |       |       |       |       |     1 |     1 |       ||     2
         Sack of spiders   |       |       |       |       |       |       |       |       |     2 ||     2
    Use: Scroll            |       |       |     1 |    16 |     7 |    11 |     9 |     5 |    10 ||    59
         Potion            |       |       |       |       |     5 |     2 |     1 |     7 |     7 ||    22
   Stab: Sleeping          |       |     1 |     1 |     2 |     2 |     9 |     6 |     4 |     7 ||    32
         Distracted        |       |       |       |       |       |       |     2 |     2 |     2 ||     6
         Invisible         |       |       |       |       |       |       |       |     1 |       ||     1
         Petrified         |       |       |       |       |       |       |       |     1 |       ||     1
         Confused          |       |       |       |       |       |       |       |       |     1 ||     1
 Armour: Animal skin       |    45 |   101 |    63 |       |       |       |       |       |       ||   209
         Steam dragon scal |       |       |     9 |       |       |       |       |       |       ||     9
         Skin              |       |       |     2 |   159 |   623 |  1125 |   549 |   748 |   546 ||  3752
         Robe              |       |       |    61 |   230 |       |       |       |       |       ||   291
  Dodge: Dodged            |    46 |    77 |    75 |   202 |   248 |   673 |   318 |   479 |   323 ||  2441
  Block: Tower shield      |       |       |       |    85 |   817 |  1414 |   745 |  1441 |   865 ||  5367
         Reflection        |       |       |       |       |       |       |       |    34 |    12 ||    46
         Form:             |       |     1 |       |     1 |     1 |       |       |       |       ||     3
         Beast             |       |     1 |       |       |       |       |       |       |       ||     1
         Flux              |       |       |       |     1 |       |       |       |       |       ||     1
         Maw               |       |       |       |     3 |     1 |       |       |       |       ||     4
         Anaconda          |       |       |       |     3 |       |       |       |       |       ||     3
         Blade             |       |       |       |     2 |       |       |       |       |       ||     2
         Statue            |       |       |       |       |     1 |       |       |     1 |       ||     2
         Dragon            |       |       |       |       |       |       |       |     1 |       ||     1

Table legend: (Time is in decaauts)
 A = Elapsed time spent in this place.
 B = Non-inter-level travel time spent in this place.
 C = Inter-level travel time spent in this place.
 D = Time resting spent in this place.
 E = Time spent auto-exploring this place.
 F = Levels seen in this place.
 G = Mean time per level.
                   A        B        C        D        E       F      G
               +--------+--------+--------+--------+--------+-----+--------+
         Total |  65800 |  59390 |   6410 |   6789 |  35860 |  59 | 1115.3 |
       Dungeon |  15204 |  12264 |   2940 |    492 |   8957 |  15 | 1013.6 |
        Temple |     38 |      1 |     37 |      0 |      0 |   1 |   38.0 |
          Lair |   6102 |   5500 |    602 |   1022 |   3253 |   5 | 1220.4 |
         Swamp |   3314 |   3166 |    148 |      0 |   2106 |   4 |  828.5 |
   Spider Nest |   5617 |   5250 |    367 |    771 |   2877 |   4 | 1404.2 |
    Slime Pits |   3410 |   3249 |    161 |    583 |   1930 |   5 |  682.0 |
  Orcish Mines |   1987 |   1584 |    403 |    177 |    779 |   2 |  993.5 |
   Elven Halls |   5345 |   5038 |    307 |    585 |   2869 |   3 | 1781.7 |
        Vaults |   8816 |   8197 |    619 |    897 |   5121 |   5 | 1763.2 |
        Depths |   5888 |   5383 |    505 |    558 |   3447 |   4 | 1472.0 |
           Zot |   7611 |   7296 |    315 |   1341 |   4004 |   5 | 1522.2 |
         Abyss |    718 |    718 |      0 |      0 |     24 |   3 |  239.3 |
         Trove |    103 |    103 |      0 |      0 |      0 |   1 |  103.0 |
        Bailey |    854 |    854 |      0 |    285 |    124 |   1 |  854.0 |
      Ice Cave |    786 |    786 |      0 |     76 |    367 |   1 |  786.0 |
               +--------+--------+--------+--------+--------+-----+--------+

Top non-repeatable levels by time:
Spider:3: 2393 daAuts
   Elf:3: 2291 daAuts
    D:14: 2166 daAuts
Depths:2: 1995 daAuts
Vaults:4: 1967 daAuts
   Elf:2: 1900 daAuts
   Zot:3: 1872 daAuts
Vaults:2: 1856 daAuts
   Zot:5: 1754 daAuts
Vaults:3: 1705 daAuts
Vaults:1: 1675 daAuts
Vaults:5: 1609 daAuts
Depths:4: 1571 daAuts
    D:10: 1557 daAuts
  Lair:3: 1542 daAuts
